Map: Fear and Faith LE

Players

GhostRobo - Winner!

  • Race: Terran Terran
  • League: Silver
  • Spawn Location: 1:00

DarkStar

  • Race: Protoss Protoss
  • League: Diamond
  • Spawn Location: 11:00

VOD

Have the link to the VOD?

Description

Time

  • Played on: July 11, 2026, 11:18 a.m.
  • Length: 11:33
Show
View Real Time Build Order
Export as new Build Order

GhostRobo Terran - Winner!

Build Orders: Reaper Expand 

Get SALT Encoding   

  8  0:00  SCV  
  9  0:12  SCV  
  10  0:24  SCV  
  11  0:29  Supply Depot  
  11  0:36  SCV  
  12  0:52  Barracks  
  12  1:00  Refinery  
  12  1:01  SCV  
  13  1:16  SCV  
  14  1:28  SCV  
  15  1:40  Orbital Command  
  15  1:43  Reaper  
  16  2:10  Command Center  
  16  2:15  SCV  
  17  2:28  SCV  
  18  2:31  Supply Depot, Marine  
  19  2:45  SCV  
  20  2:51  Barracks Reactor  
  20  2:55  Factory  
  20  2:58  SCV  
  21  3:10  SCV  
  22  3:14  Refinery  
  22  3:22  SCV, Orbital Command  
  23  3:29  Supply Depot  
  23  3:30  Marine  
  23  3:31  Marine  
  25  3:34  SCV  
  26  3:46  SCV  
  27  3:52  SCV  
  27  3:54  Marine x2  
  32  3:55  Widow Mine  
  32  3:58  SCV  
  32  4:02  Starport  
  33  4:05  SCV  
  34  4:10  SCV  
  34  4:14  Marine x2  
  39  4:17  Widow Mine  
  39  4:23  SCV  
  39  4:24  SCV  
  41  4:45  SCV x2  
  42  4:47  Medivac  
  42  4:49  Marine x2  
  46  5:01  Factory Tech Lab  
  46  5:04  Supply Depot, SCV x2  
  48  5:11  Refinery  
  48  5:13  Refinery  
  48  5:16  SCV  
  48  5:17  Marine  
  48  5:18  Barracks  
  50  5:21  Barracks  
  50  5:25  Marine  
  51  5:33  SCV x2  
  51  5:35  Marine  
  54  5:43  Siege Tank  
  54  5:44  Starport Reactor  
  54  5:45  Starport Tech Lab, SCV  
  58  6:32  Supply Depot  
  58  6:33  Barracks Tech Lab  
  58  6:34  Supply Depot, Barracks Tech Lab  
  58  6:39  Supply Depot  
  58  6:41  Barracks, Supply Depot  
  58  6:42  Supply Depot  
  58  6:43  Supply Depot  
  58  6:45  Barracks  
  58  6:46  Engineering Bay  
  58  6:47  Engineering Bay  
  65  6:54  SCV x2, Siege Tank, Raven  
  65  7:00  Marine x3  
  68  7:06  SCV x2  
  59  7:18  SCV x2  
  60  7:30  SCV x2  
  60  7:33  Terran Infantry Weapons Level 1, Terran Infantry Armor Level 1  
  62  7:39  Missile Turret  
  62  7:40  Missile Turret  
  62  7:42  SCV x2  
  60  7:54  SCV  
  61  8:04  Command Center  
  61  8:06  SCV  
  62  8:16  Barracks Tech Lab  
  62  8:18  SCV  
  62  8:31  SCV  
  63  8:36  Raven  
  63  8:38  Marine x4  
  69  8:43  SCV  
  70  8:52  Missile Turret  
  69  9:05  Marine  
  69  9:07  Barracks Tech Lab  
  70  9:10  Medivac  
  70  9:13  SCV  
  73  9:17  Orbital Command  
  73  9:25  SCV  
  73  9:29  Marine  
  73  9:30  Marine x5  
  80  9:37  SCV  
  81  9:47  Marine  
  81  9:49  SCV  
  83  10:01  SCV  
  84  10:11  SCV  
  84  10:13  SCV  
  86  10:23  SCV  
  86  10:25  SCV  
  88  10:32  Armory  
  88  10:35  SCV  
  88  10:37  SCV  
  88  10:40  Siege Tank  
  95  10:43  Marauder x4, Marine  
  95  10:48  SCV  
  104  10:50  SCV  
  100  11:04  Marauder x4  
  106  11:32  Supply Depot  
Show
View Real Time Build Order
Export as new Build Order

DarkStar Protoss 

Build Orders:  

Get SALT Encoding   

  8  0:12  Pylon  
  8  0:31  Gateway  
  8  0:38  Probe (Chrono Boost)  
  9  0:49  Probe (Chrono Boost)  
  10  0:53  Probe (Chrono Boost)  
  11  1:04  Probe  
  12  1:15  Assimilator  
  12  1:25  Cybernetics Core  
  12  1:29  Probe  
  13  1:43  Probe (Chrono Boost)  
  14  1:53  Probe (Chrono Boost)  
  15  1:54  Assimilator  
  15  1:58  Probe (Chrono Boost)  
  16  2:08  Stalker  
  18  2:29  Gateway  
  18  2:45  Forge  
  18  2:46  Probe  
  18  2:47  Warp Gate (Chrono Boost)  
  18  2:58  Probe  
  19  3:11  Probe  
  20  3:24  Probe  
  20  3:26  Pylon  
  21  3:37  Gateway  
  21  3:44  Probe (Chrono Boost)  
  22  3:49  Twilight Council  
  23  3:56  Probe (Chrono Boost)  
  23  3:57  Protoss Ground Weapons Level 1 (Chrono Boost)  
  23  4:10  Pylon  
  23  4:26  Dark Shrine  
  23  4:30  Probe  
  24  4:42  Probe  
  25  4:57  Probe  
  26  5:01  Gateway  
  26  5:06  Pylon  
  26  5:09  Probe  
  27  5:21  Probe (Chrono Boost)  
  28  5:33  Probe (Chrono Boost)  
  29  5:42  Dark Templar  
  31  5:43  Dark Templar x2  
  29  6:17  Probe  
  30  6:21  Shadow Stride (Chrono Boost)  
  30  6:29  Probe  
  31  6:41  Probe  
  32  6:53  Probe  
  33  7:01  Pylon  
  31  7:20  Dark Templar x3  
  33  7:32  Probe (Chrono Boost)  
  34  7:41  Probe (Chrono Boost)  
  29  8:06  Dark Templar  
  29  8:10  Probe  
  32  8:18  Dark Templar  
  34  8:22  Probe  
  33  8:34  Probe (Chrono Boost)  
  32  8:42  Photon Cannon  
  32  8:43  Probe (Chrono Boost)  
  32  8:44  Photon Cannon  
  32  8:47  Photon Cannon  
  32  8:48  Probe (Chrono Boost)  
  33  8:49  Photon Cannon  
  33  8:51  Photon Cannon  
  33  8:53  Dark Templar  
  36  8:55  Photon Cannon  
  36  8:58  Photon Cannon  
  34  9:06  Stalker  
  36  9:28  Stalker x2  
  40  9:46  Stalker x2  
  40  9:49  Pylon  
  44  9:58  Pylon  
  44  10:03  Pylon  
  43  10:17  Stalker x2  
  30  11:04  Stalker x4  
Tags
 
Add a new tag
Caveats
  • Supply blocks, unpowered buildings, or Contaminate may cause inaccurate times.
  • Supply counts are checked every 10 seconds.